 Dungeon Crawl Stone Soup version 0.28.0 (webtiles) character file.

Game seed: 13781517868244008000

555 AmazingTV the Ducker (level 7, -1/32 HPs)
             Began as a Spriggan Venom Mage on July 26, 2022.
             Was an Initiate of Vehumet.
             Slain by a phantom (2 damage)
             ... on level 5 of the Dungeon.
             The game lasted 00:36:40 (5864 turns).

AmazingTV the Ducker (Spriggan Venom Mage)          Turns: 5864, Time: 00:36:41

Health: -1/32      AC:  3    Str:  6    XL:     7   Next: 8%
Magic:  12/15      EV: 19    Int: 16    God:    Vehumet [......]
Gold:   198        SH:  0    Dex: 16    Spells: 8/15 levels left

rFire   . . .      SeeInvis +   a - +0 short sword {short}
rCold   . . .      Faith    .   (no shield)
rNeg    . . .      Spirit   .   k - +0 robe
rPois   .          Reflect  .   e - +1 hat
rElec   .          Harm     .   (no cloak)
rCorr   .          Rampage  .   (gloves unavailable)
Will    +....                   (boots unavailable)
Stlth   ++........              (no amulet)
HPRegen 0.10/turn               (no ring)
MPRegen 0.14/turn               (no ring)

@: mighty, very quick
A: very small, no large weapons, unfitting armour, see invisible, speed 3
a: Renounce Religion


You were on level 5 of the Dungeon.
You worshipped Vehumet.
Vehumet was noncommittal.
You visited 2 branches of the dungeon, and saw 6 of its levels.

You collected 198 gold pieces.


Innate Abilities, Weirdness & Mutations

You are very small and have problems with some larger weapons.
You are too small for most types of armour.
You have supernaturally acute eyesight. (SInv)
You cover ground extremely quickly. (Speed+++)


   Skills:
 + Level 2.8 Short Blades
 + Level 4.9 Dodging
 - Level 3.0 Stealth
 + Level 4.7 Spellcasting
 + Level 4.2 Transmutations
 - Level 1.7 Fire Magic
 + Level 4.4 Poison Magic


You had 8 spell levels left.
You knew the following spells:

 Your Spells              Type           Power      Damage    Failure   Level
a - Sting                 Tmut/Pois      68%        1d6       2%          1
b - Poisonous Vapours     Pois/Air       20%        N/A       10%         2
c - Olgreb's Toxic Radia  Pois           17%        N/A       26%         4

Your spell library contained the following spells:

 Spells                   Type           Power      Damage    Failure   Level
 Animate Skeleton         Necr           6%         N/A       16%         1
 Apportation              Tloc           6%         N/A       16%         1
 Pain                     Necr           12%        1d4       16%         1
 Summon Small Mammal      Summ           12%        N/A       16%         1
 Corpse Rot               Necr/Air       6%         N/A       24%         2
 Static Discharge         Conj/Air       3%         N/A       24%         2
 Mephitic Cloud           Conj/Pois/Air  8%         N/A       26%         3
 Dispel Undead            Necr           3%         3d7       83%         4
 Agony                    Necr           3%         N/A       99%         5
 Excruciating Wounds      Necr           1%         N/A       99%         5
 Lightning Bolt           Conj/Air       1%         1d12      99%         5
 Death Channel            Necr           1%         N/A       100%        6
 Maxwell's Capacitive Co  Air            1%         ∞         100%        8

Inventory:

Hand Weapons
 a - a +0 short sword (weapon) {short}
   (You took it off a kobold on level 1 of the Dungeon)
 b - a +1 hunting sling of freezing {sling}
   (You took it off a goblin on level 3 of the Dungeon)
 d - the +7 staff of the Meek {protect, meekguard, staff}
   (You found it on level 4 of the Dungeon)

   It grants its wielder temporary protection when it strikes (+7 to AC).
   It provides extra protection to wielders with little health.
 i - a +0 dagger {short}
   (You found it on level 1 of the Dungeon)
Missiles
 j - 215 stones
 s - 89 arrows
 u - 14 sling bullets
 w - a throwing net {=f!f}
Armour
 e - a +1 hat (worn)
   (You found it on level 5 of the Dungeon)
 k - a +0 robe (worn)
Magical Staves
 r - a staff of death {!astaff}
   (You found it on level 3 of the Dungeon)
Wands
 f - a wand of mindburst (19)
   (You found it on level 5 of the Dungeon)
Scrolls
 g - a scroll of amnesia {unknown}
 h - 5 scrolls of identify {unknown}
 n - a scroll of brand weapon {unknown}
 q - a scroll of enchant weapon
Potions
 c - a potion of lignification {unknown}
 l - a potion of curing {@q1}
 p - a potion of cancellation
 t - a potion of mutation {unknown}
 v - a potion of attraction {unknown}

Dungeon Overview and Level Annotations

Branches:
Dungeon (5/15)             Temple (1/1) D:4

Altars:
Ashenzari
Elyvilon
Gozag
Hepliaklqana
Kikubaaqudgha
Makhleb
Nemelex Xobeh
Okawaru
Ru
Sif Muna
Vehumet
Zin
The Shining One

####..........###############....
#.......)..# ###..# ####.
##########.#######...#######..
#...................#
##..##>..############# .
..####......####### #......
....................###......
.(...####.#########..........
..(.((.(.(.W@.ggg(...((<..(..
.....##################....(. ...
#...... . #...... #...... #######


You could see a phantom and 3 gnolls.


Message History

The iguana misses you.
You hit the centaur skeleton.
A gnoll comes into view. It is wielding a +0 spear.
The centaur skeleton hits you but does no damage.
The centaur skeleton completely misses you.
The iguana barely misses you.
The gnoll shouts!
You hit the centaur skeleton. The centaur skeleton barely misses you.
The centaur skeleton kicks you but does no damage.
The iguana barely misses you.
You hit the centaur skeleton. The centaur skeleton hits you.
* * * LOW HITPOINT WARNING * * *
The centaur skeleton kicks you.
* * * LOW HITPOINT WARNING * * *
The centaur skeleton misses you. The centaur skeleton barely misses you.
The iguana closely misses you. 😨 HP[-4]
You take 4 damage, and now have 9/28 hp.
You hit the centaur skeleton. You punch the centaur skeleton.
You destroy the centaur skeleton!
Vehumet accepts your kill. The iguana barely misses you.
You have reached level 7! 😨 HP[+2]
You now have 32 max hp (+4).
You regained 2 hp, and now have 11/32 hp.
You are too injured to fight recklessly!
Aiming: Sting (safe; 2% risk of failure)
Press: ? - help, Q - select action, (/) - cycle Shift-Dir - straight line, f - gnoll
Aim: a gnoll, wielding a +0 spear (77% to hit)
The sting misses the gnoll.
The gnoll closely misses you. 😨 MP[-1]
You lost 1 mp, and now have 11/15 mp.
Aiming: Sting (safe; 2% risk of failure)
Press: ? - help, Q - select action, (/) - cycle Shift-Dir - straight line, f/p - gnoll
Aim: a gnoll, wielding a +0 spear (77% to hit)
The sting hits the gnoll.
The gnoll is poisoned.
The iguana bites you!
* * * LOW HITPOINT WARNING * * *
The gnoll misses you. 😱 HP[-8] MP[-1]
You take 8 damage, and now have 3/32 hp.
MASSIVE DAMAGE!! (PAUSE)
You lost 1 mp, and now have 10/15 mp.
Okay, then.
It was a potion of cancellation.
You feel magically purged. The iguana misses you.
The gnoll completely misses you.
A gnoll comes into view.
It is wielding a +0 whip. 😱 MP[+1] It was a potion of curing.
You feel better. The iguana closely misses you.
The gnoll closely misses you. 😨 HP[+8]
You regained 8 hp, and now have 11/32 hp.
As you read the scroll labelled EKUCYMMEWKU, it crumbles to dust.
It is a scroll of enchant weapon.
Your +0 hunting sling of freezing {sling} glows red for a moment.
The gnoll shouts!
The iguana misses you.
A gnoll comes into view. It is wielding a +0 club.
The gnoll hits you from afar with a +0 spear.
* * * LOW HITPOINT WARNING * * *
😱 HP[-5]
You take 5 damage, and now have 6/32 hp.
It was a potion of might.
You feel very mighty all of a sudden.
The iguana bites you but does no damage.
The gnoll hits you but does no damage.
Okay, then.
You puncture the iguana!
The gnoll looks more healthy.
The iguana bites you but does no damage.
The gnoll hits you but does no damage.
You closely miss the iguana. The iguana barely misses you.
The gnoll closely misses you. 😱 HP[+1]
You barely miss the iguana. The iguana bites you.
* * * LOW HITPOINT WARNING * * *
The gnoll barely misses you. 😱 HP[-1]
You take 1 damage, and now have 6/32 hp.
You puncture the iguana!
You kill the iguana!
Vehumet accepts your kill.
The gnoll hits you from afar with a +0 spear.
* * * LOW HITPOINT WARNING * * *
😱 HP[-4] MP[+1]
You take 4 damage, and now have 2/32 hp.
A phantom comes into view.
Things that are here:
a sling bullet; a howler monkey corpse You see here a sling bullet.
You strike the helpless phantom from behind!
You hit the phantom. The phantom closely misses you.
You closely miss the phantom. The phantom closely misses you.
You puncture the phantom! The gnoll closely misses you. The phantom hits you.
* * * LOW HITPOINT WARNING * * *
😱 HP[-1]
You take 1 damage, and now have 1/32 hp.
You hit the phantom. The gnoll closely misses you. The phantom hits you.
You die...

Skill      XL: |  1  2  3  4  5  6 |
---------------+-------------------+-----
Dodging        | 3 4 |  4.9
Spellcasting   | 3 4 |  4.7
Transmutations | 2 3 4 |  4.2
Short Blades   | 1 2 |  2.8
Fire Magic     | 1 |  1.7
Poison Magic   | 4 |  4.4
Stealth        | |  3.0

Action                   |  1- 3 |  4- 6 |  7- 9 || total
-------------------------+-------+-------+-------++-------
Melee: Short sword       |    39 |    57 |     8 ||   104
       Punch             |     1 |     2 |       ||     3
       Quarterstaff      |       |     4 |       ||     4
 Fire: Hunting sling     |       |    86 |       ||    86
Throw: Dart              |       |     2 |       ||     2
 Cast: Sting             |    52 |    59 |     2 ||   113
       Poisonous Vapours |       |     7 |       ||     7
  Use: Potion            |       |       |     3 ||     3
       Scroll            |       |       |     1 ||     1
 Stab: Sleeping          |     8 |     3 |       ||    11
       Distracted        |       |       |     1 ||     1
Armor: Robe              |     2 |    13 |     4 ||    19
Dodge: Dodged            |    38 |   109 |    14 ||   161

Levels and vault maps discovered:
D:1:      eino_arrival_druids_welcome, layout_rooms
D:2:      layout_basic, basic_altar
D:3:      layout_loops_corners
D:4:      layout_gridville, minmay_temple_entry_wispy, nicolae_grassy_gnolls
D:5:      layout_rooms, minmay_misc_feat_alley
Temple:   cyrus_circular_temple

Notes
Turn   | Place    | Note
-------+----------+-------------------------------------------
     0 | D:1      | AmazingTV the Spriggan Venom Mage began the quest for the
                  | Orb.
     0 | D:1      | Reached XP level 1. HP: 9/9 MP: 5/5
     0 | D:1      | magus.rc [v1.9.6]
   171 | D:1      | Reached skill level 3 in Dodging
   171 | D:1      | Reached XP level 2. HP: 13/13 MP: 3/6
   198 | D:1      | Reached skill level 3 in Spellcasting
   242 | D:1      | Reached skill level 2 in Transmutations
   446 | D:1      | You pick up a book of Decay and begin reading...
   446 | D:1      | You add the spells Corpse Rot, Dispel Undead and Death
                  | Channel to your library.
   481 | D:1      | You pick up a book of Pain and begin reading...
   481 | D:1      | You add the spells Pain, Agony and Excruciating Wounds to
                  | your library.
   647 | D:1      | Reached XP level 3. HP: 14/16 MP: 6/8
   847 | D:2      | Found a broken altar of Ashenzari.
   868 | D:2      | You pick up a book of Lightning and begin reading...
   868 | D:2      | You add the spells Static Discharge, Lightning Bolt and
                  | Maxwell's Capacitive Coupling to your library.
  1781 | D:3      | HP: 4/16 [worm (9)]
  2195 | D:3      | Reached skill level 1 in Short Blades
  2195 | D:3      | Reached XP level 4. HP: 21/21 MP: 10/10
  3451 | D:4      | Reached skill level 1 in Fire Magic
  3516 | D:4      | Learned a level 2 spell: Poisonous Vapours
  3520 | D:4      | Found a staircase to the Ecumenical Temple.
  3533 | Temple   | Entered the Ecumenical Temple
  3569 | Temple   | Became a worshipper of Vehumet
  3634 | D:4      | Reached skill level 3 in Transmutations
  3634 | D:4      | Reached XP level 5. HP: 18/24 MP: 6/11
  3997 | D:4      | Reached skill level 4 in Dodging
  4079 | D:4      | You pick up a book of Cantrips and begin reading...
  4079 | D:4      | You add the spells Animate Skeleton, Summon Small Mammal
                  | and Apportation to your library.
  4430 | D:4      | Found the +7 staff of the Meek {protect, meekguard}
  4518 | D:4      | Reached skill level 2 in Short Blades
  4518 | D:4      | Reached skill level 4 in Spellcasting
  4763 | D:5      | Entered Level 5 of the Dungeon
  4777 | D:5      | Reached XP level 6. HP: 28/28 MP: 13/13
  4830 | D:5      | Reached skill level 4 in Poison Magic
  5083 | D:5      | Learned a level 4 spell: Olgreb's Toxic Radiance
  5762 | D:5      | Noticed an ice beast
  5816 | D:5      | Killed an ice beast
  5817 | D:5      | Reached skill level 4 in Transmutations
  5846 | D:5      | Reached XP level 7. HP: 11/32 MP: 12/15
  5848 | D:5      | HP: 3/32 [iguana (8)]
  5855 | D:5      | HP: 6/32 [iguana (1)]
  5856 | D:5      | HP: 2/32 [gnoll (4)]
  5863 | D:5      | HP: 1/32 [phantom (1)]
  5864 | D:5      | Slain by a phantom

Vanquished Creatures
  An ice beast (D:5)
  A bullfrog (D:4)
  A howler monkey (D:5)
  2 hounds
  A centaur skeleton (D:5)
  An iguana (D:5)
  A hound skeleton (D:4)
  10 gnolls
  3 adders
  An ufetubus (D:4)
  2 adder skeletons (D:4)
  3 worms
  9 orcs
  6 ball pythons
  4 bats
  3 endoplasms
  5 giant cockroaches
  9 goblins
  6 hobgoblins
  3 jackals (D:1)
  5 kobolds
  4 quokkas
  2 frilled lizards
  6 rats
89 creatures vanquished.

Vanquished Creatures (others)
  2 plants
2 creatures vanquished.

Grand Total: 91 creatures vanquished

Table legend:
 A = Non-vault XP
 B = Vault XP
 C = Vault XP percentage of total XP
 D = Non-vault monster count
 E = Vault monster count
 F = Vault count percentage of total count
                 A         B        C        D         E       F
            +---------+---------+-------+---------+---------+-------
      Total |     750 |      43 |   5.4 |      86 |       3 |   3.4
            +---------+---------+-------+---------+---------+-------
        D:1 |      42 |       0 |   0.0 |      17 |       0 |   0.0
        D:2 |      26 |       0 |   0.0 |      15 |       0 |   0.0
        D:3 |      47 |      28 |  37.3 |      18 |       2 |  10.0
        D:4 |     219 |      15 |   6.4 |      20 |       1 |   4.8
        D:5 |     416 |       0 |   0.0 |      16 |       0 |   0.0
            +---------+---------+-------+---------+---------+-------

Illustrated notes

Table legend:
 A = Kills in this place as a percentage of kills in entire the game.
 B = Kills by you in this place as a percentage of kills by you in the entire game.
 C = Kills by friends in this place as a percentage of kills by friends in the entire game.
 D = Other kills in this place as a percentage of other kills in the entire game.
 E = Experience gained in this place as a percentage of experience gained in the entire game.
 F = Experience gained in this place divided by the number of levels of this place that you have seen.
                   A       B       C       D       E      F
               +-------+-------+-------+-------+-------+----------------------
         Total | 100.0 | 100.0 |   N/A |   N/A | 100.0 | 132.2
       Dungeon | 100.0 | 100.0 |   N/A |   N/A | 100.0 | 158.6
               +-------+-------+-------+-------+-------+----------------------

Table legend: (Time is in decaauts)
 A = Elapsed time spent in this place.
 B = Non-inter-level travel time spent in this place.
 C = Inter-level travel time spent in this place.
 D = Time resting spent in this place.
 E = Time spent auto-exploring this place.
 F = Levels seen in this place.
 G = Mean time per level.
                   A        B        C        D        E       F      G
               +--------+--------+--------+--------+--------+-----+--------+
         Total |   4571 |   4443 |    128 |   1241 |   2230 |   6 |  761.8 |
       Dungeon |   4529 |   4440 |     89 |   1241 |   2230 |   5 |  905.8 |
        Temple |     41 |      2 |     39 |      0 |      0 |   1 |   41.0 |
               +--------+--------+--------+--------+--------+-----+--------+

Top non-repeatable levels by time:
     D:4: 1479 daAuts
     D:3: 1233 daAuts
     D:5: 741 daAuts
     D:2: 583 daAuts
     D:1: 490 daAuts
  Temple: 41 daAuts
